 Dungeon Crawl Stone Soup version 0.27-a0-1378-gdefffd1ff6 (webtiles) character file.

Game seed: 5003783061508024957

130134 Sobieck the Unseen (level 16, -17/130 HPs)
             Began as a Felid Berserker on June 29, 2021.
             Was a High Priest of Trog.
             Hit by a silver javelin thrown by a merfolk javelineer (27 damage)
             ... on level 4 of the Shoals.
             The game lasted 02:30:30 (61716 turns).

Sobieck the Unseen (Felid Berserker)               Turns: 61716, Time: 02:30:31

Health: -17/130    AC:  3    Str: 13    XL:     16   Next: 22%
Magic:  17/17      EV: 45    Int:  9    God:    Trog [*****.]
Gold:   94         SH:  0    Dex: 33    Spells: 15/15 levels left
                                        Lives:  0   Deaths: 3

rFire    . . .     SeeInvis +     - Unarmed
rCold    + . .     Faith    +   (shield unavailable)
rNeg     . . .     Spirit   .   (armour unavailable)
rPois    .         Reflect  .   (helmet unavailable)
rElec    +         Harm     .   (cloak unavailable)
rCorr    .         Rampage  .   (gloves unavailable)
Will     ++...                  (boots unavailable)
Stlth    ..........             U - amulet of Dawn {Faith rF- Dex+10}
HPRegen  0.31/turn              F - +4 ring of slaying
MPRegen  0.15/turn              A - ring "Kyutsoo" {Wiz rElec rF+ Slay+3}

@: berserking, very quick
A: very small, claws 1, fangs 3, see invisible, speed 1, shaggy fur 3, stealthy
paws, no weapons or thrown items, no armour, multi-lived
}: 1/15 runes: gossamer
a: Renounce Religion, Berserk, Trog's Hand, Brothers in Arms


You were on level 4 of the Shoals.
You worshipped Trog.
Trog was extremely pleased with you.
You visited 5 branches of the dungeon, and saw 31 of its levels.
You also visited: Ossuary and Ice Cave.

You collected 3170 gold pieces.
You spent 3076 gold pieces at shops.


Innate Abilities, Weirdness & Mutations

You have sharp claws.
You have razor-sharp teeth.
You have supernaturally acute eyesight. (SInv)
You cover ground quickly. (Speed+)
Your thick and shaggy fur keeps you warm. (AC +3, rC+)
Your paws help you pounce on unaware monsters.
You are incapable of wielding weapons or throwing items.
You cannot wear armour.
You gain extra lives every three experience levels.


   Skills:
 + Level 18.6 Fighting
 - Level 18.0 Dodging
 - Level 19.0 Stealth
 - Level 18.0 Unarmed Combat
 - Level 12.0 Evocations


You had 15 spell levels left.
You didn't know any spells.
Your spell library contained the following spells:

 Spells                   Type           Power      Damage    Failure   Level
 Animate Skeleton         Necr           0%         N/A       16%         1
 Apportation              Tloc           0%         N/A       16%         1
 Freeze                   Ice            0%         1d3       16%         1
 Magic Dart               Conj           0%         1d3       16%         1
 Pain                     Necr           0%         1d4       16%         1
 Sandblast                Erth           0%         2d4       16%         1
 Summon Small Mammal      Summ           0%         N/A       16%         1
 Call Imp                 Summ           0%         N/A       24%         2
 Ensorcelled Hibernation  Hex/Ice        0%         N/A       24%         2
 Passwall                 Tmut/Erth      0%         N/A       24%         2
 Searing Ray              Conj           0%         3d3       24%         2
 Call Canine Familiar     Summ           0%         N/A       43%         3
 Confusing Touch          Hex            0%         N/A       43%         3
 Dazzling Flash           Conj/Hex       0%         N/A       43%         3
 Frozen Ramparts          Ice            0%         1d2       43%         3
 Gell's Gravitas          Tloc           0%         N/A       43%         3
 Lesser Beckoning         Tloc           0%         N/A       43%         3
 Ozocubu's Armour         Ice            0%         N/A       43%         3
 Stone Arrow              Conj/Erth      0%         3d7       43%         3
 Summon Guardian Golem    Hex/Summ       0%         N/A       43%         3
 Tukima's Dance           Hex            0%         N/A       43%         3
 Vampiric Draining        Necr           0%         2d6       43%         3
 Animate Dead             Necr           0%         N/A       82%         4
 Fulminant Prism          Conj/Hex       0%         3d6       82%         4
 Hailstorm                Conj/Ice       0%         3d3       82%         4
 Ice Form                 Ice/Tmut       0%         N/A       82%         4
 Iskenderun's Mystic Bla  Conj/Tloc      0%         2d3       82%         4
 Petrify                  Tmut/Erth      0%         N/A       82%         4
 Summon Ice Beast         Ice/Summ       0%         N/A       82%         4
 Summon Lightning Spire   Summ/Air       0%         N/A       82%         4
 Agony                    Necr           0%         N/A       98%         5
 Alistair's Intoxication  Tmut/Pois      0%         N/A       98%         5
 Blade Hands              Tmut           0%         N/A       98%         5
 Bolt of Magma            Conj/Fire/Erth 0%         4d4       98%         5
 Irradiate                Conj/Tmut      0%         3d13      98%         5
 Iskenderun's Battlesphe  Conj           0%         2d6       98%         5
 Lee's Rapid Deconstruct  Erth           0%         3d5*      98%         5
 Metabolic Englaciation   Hex/Ice        0%         N/A       98%         5
 Yara's Violent Unravell  Hex/Tmut       0%         3d3       98%         5
 Invisibility             Hex            0%         N/A       100%        6
 Iron Shot                Conj/Erth      0%         9d1       100%        6
 Statue Form              Tmut/Erth      0%         N/A       100%        6
 Dragon Form              Tmut           0%         N/A       100%        7
 Orb of Destruction       Conj           0%         N/A       100%        7
 Spellforged Servitor     Conj/Summ      0%         N/A       100%        7
 Storm Form               Tmut/Air       0%         N/A       100%        7

Inventory:

Jewellery
 j - the ring "Haploreo" {rF++ rC+}
   (You bought it in a shop on level 2 of the Orcish Mines)

   [ring of protection from cold]

   rF:        It greatly protects you from fire.
   rC:        It protects you from cold.
 A - the ring "Kyutsoo" (right paw) {Wiz rElec rF+ Slay+3}
   (You bought it in a shop on level 2 of the Orcish Mines)

   [ring of wizardry]

   It improves your spell success rate.Slay: It affects your accuracy & damage
   with ranged weapons and melee (+3).
   rF:        It protects you from fire.
   rElec:     It insulates you from electricity.
 C - a ring of protection from cold
   (You found it on level 8 of the Dungeon)
 F - a +4 ring of slaying (left paw)
   (You found it on level 9 of the Dungeon)
 M - a ring of positive energy
   (You found it on level 12 of the Dungeon)
 O - a ring of magical power
   (You found it on level 3 of the Lair of Beasts)
 U - the amulet of Dawn (around neck) {Faith rF- Dex+10}
   (You bought it in a shop on level 1 of the Dungeon)

   [amulet of faith]

   It allows you to gain divine favour quickly.Dex: It affects your dexterity
   (+10).
   rF:        It makes you vulnerable to fire.
 V - a ring of resist corrosion
   (You found it on level 13 of the Dungeon)
Wands
 d - a wand of mindburst (10)
   (You found it on level 6 of the Dungeon)
 e - a wand of paralysis (24)
   (You found it on level 4 of the Dungeon)
 g - a wand of flame (89)
   (You found it on level 3 of the Dungeon)
 u - a wand of acid (7)
   (You found it on level 6 of the Dungeon)
 x - a wand of charming (9)
   (You took it off a centaur on level 7 of the Dungeon)
 G - a wand of iceblast (16)
   (You found it on level 12 of the Dungeon)
 I - a wand of digging (7)
   (You found it on level 10 of the Dungeon)
 K - a wand of polymorph (15)
   (You found it on level 11 of the Dungeon)
Scrolls
 b - 5 scrolls of fear
 c - 12 scrolls of teleportation {@r4}
 m - 6 scrolls of fog
 t - 3 scrolls of vulnerability {!r!r}
 w - 3 scrolls of immolation {!r!r}
 y - 10 scrolls of identify {@r1}
 z - 6 scrolls of magic mapping {!r}
 E - 8 scrolls of blinking {!r}
 Q - a scroll of silence {!r}
 S - a scroll of summoning
Potions
 a - 5 potions of brilliance
 f - 4 potions of attraction {!q}
 h - 6 potions of resistance
 i - 3 potions of mutation {!q}
 k - 8 potions of haste {@q3}
 l - 3 potions of invisibility
 n - 2 potions of berserk rage {!q}
 o - 3 potions of curing {@q1}
 p - 4 potions of heal wounds {@q2}
 r - 5 potions of lignification {!q}
 v - 4 potions of might
 J - 2 potions of flight
 R - 5 potions of ambrosia
 X - 3 potions of magic
Miscellaneous
 B - a box of beasts
   (You found it on level 3 of the Shoals)
 D - a phial of floods
   (You found it on level 9 of the Dungeon)
 N - a lightning rod (4/4)
   (You found it in an ice cave)
 T - a piece from Xom's chessboard (15/15)
   (You found it on level 5 of the Lair of Beasts)
 Y - a phantom mirror
   (You found it on level 14 of the Dungeon)

Dungeon Overview and Level Annotations

Branches:
Dungeon (15/15)            Temple (0/1) D:6            Lair (6/6) D:10
 Shoals (4/4) Lair:4       Spider (4/4) Lair:2          Orc (2/2) D:9
    Elf (0/3) Orc:2        Vaults (0/5) D:14         Depths (0/5) D:15
Ossuary (visited)           IceCv (visited)
  Slime: Lair:5-6

Altars:
Cheibriados
Dithmenos
Elyvilon
Gozag
Makhleb
Nemelex Xobeh
Ru
Uskayaw
Vehumet
Wu Jian
Zin
The Shining One
Beogh

Shops:
D:1 =   Orc:1 [   Orc:2 (:!=[((   Shoals:1 *   Shoals:2 !

Annotations:
D:9 1 runed translucent door, basicallysejuani's ghost, novice TrMo
D:14 exclusion: downstairs
Lair:6 exclusion: 3 oklob plants
Shoals:2 3 runed translucent doors, exclusion: obsidian statue, Suezikaa's ghost, adept MiMo
Shoals:3 Polyphemus

≈≈≈≈≈≈≈≈≈≈≈≈......≈≈####≈#.......
≈≈≈≈≈≈≈≈≈≈≈m≈≈≈≈≈≈≈≈≈≈≈≈≈≈.......
≈≈≈≈≈≈≈≈≈≈≈≈≈≈≈≈≈≈≈≈≈≈≈≈≈≈≈...≈##
≈≈≈≈≈≈≈≈≈≈≈≈≈≈<≈≈≈†≈≈≈≈≈≈≈≈≈..##
≈≈≈≈≈≈≈≈≈≈≈≈≈≈≈...≈≈≈≈≈≈≈≈≈≈###
≈≈≈≈≈≈≈≈≈≈≈≈≈≈......≈≈≈≈≈≈≈≈##
≈≈≈≈≈≈≈≈≈≈≈≈≈≈..........≈≈≈≈≈#
≈≈≈≈≈≈≈≈≈≈≈≈≈≈..........≈≈P≈##
≈≈≈≈≈≈≈≈≈≈≈≈≈≈≈≈@.......≈≈≈≈#
≈≈≈≈≈≈≈≈≈≈≈≈≈≈m≈≈....).≈≈≈≈≈#
≈≈≈≈≈≈≈≈≈≈≈≈≈≈≈T≈.≈≈≈≈≈≈≈P≈≈#
≈≈≈≈≈≈≈≈≈P≈≈≈≈≈≈..≈≈≈≈PPP≈≈≈≈≈
≈≈≈≈≈≈≈≈≈P≈≈P≈≈...≈≈≈≈≈≈≈PP≈≈≈
≈≈≈≈≈≈≈≈≈P≈≈≈≈.....≈≈P≈≈≈≈≈≈≈≈
≈≈≈≈≈≈≈≈≈PP≈...###m≈≈≈P≈≈≈≈≈≈
≈≈≈≈≈≈≈≈≈≈≈≈≈..###.≈≈≈≈≈≈≈≈≈
≈≈≈≈≈≈≈≈≈P≈P≈.##.≈≈≈P≈P≈≈PP≈≈...P


You could see a merfolk impaler, 2 merfolk javelineers and a friendly deep troll
(summoned, berserk).


Message History

Unknown command. 😱 HP[+1] Unknown command.
The merfolk hits your deep troll with a +0 trident.
Your deep troll misses the merfolk.
Your deep troll barely misses the merfolk.
Your deep troll claws the merfolk!!
The merfolk dies!
Trog accepts your kill.
The merfolk javelineer throws a javelin.
The javelin completely misses you. 😱 HP[+1]
The sea snake bites your deep troll!
Your deep troll bites the sea snake!!
The sea snake dies!
Trog accepts your kill. 😱 HP[+1] Unknown command.
The merfolk javelineer throws a javelin.
The javelin pierces through you!
* * * LOW HITPOINT WARNING * * *
😱 HP[-8]
You take 8 damage, and now have 10/90 hp.
Your deep troll barely misses the merfolk javelineer.
Your deep troll claws the merfolk javelineer!! x2
The merfolk javelineer throws a javelin.
The javelin completely misses you.
Unknown command. 😱 HP[+1]
Your deep troll bites the merfolk javelineer but does no damage.
Your deep troll claws the merfolk javelineer but does no damage.
Your deep troll claws the merfolk javelineer!!
The merfolk javelineer throws a javelin.
The javelin pierces through you!!
You die...
You are now level 16!
You rejoin the land of the living... 😎 HP[+76] MP[-1]
You now have 87 max hp (-3).
Your hp is fully restored (87).
Unknown command.
The merfolk javelineer throws a javelin.
The javelin misses you.
The javelin pierces through the plant!!
The plant begins to die.
The merfolk javelineer throws a javelin.
The javelin completely misses you.
The merfolk javelineer throws a javelin.
The javelin completely misses you.
The merfolk javelineer throws a javelin.
The javelin completely misses you.
The javelin pierces through the plant!!
The plant begins to die.
You claw the merfolk aquamancer! x2
The merfolk aquamancer completely misses you.
The merfolk javelineer throws a javelin.
The javelin pierces through you!! 😕 HP[-18]
You take 18 damage, and now have 69/87 hp.
MASSIVE DAMAGE!! (PAUSE)
You mangle the merfolk aquamancer!!
A nearby plant withers and dies.
You scratch the merfolk aquamancer.
You hear a shout!
The merfolk aquamancer completely misses you.
The merfolk javelineer throws a javelin.
The javelin pierces through you! 😮 HP[-16]
You take 16 damage, and now have 53/87 hp.
You scratch the merfolk aquamancer.
The merfolk aquamancer completely misses you.
Unknown command.
You claw the merfolk aquamancer!
You kill the merfolk aquamancer!
Trog accepts your kill.
Trog appreciates your killing of a magic user.
A nearby plant withers and dies.
Your deep troll rages.
The merfolk javelineer throws a javelin.
The javelin pierces through you!!
* * * LOW HITPOINT WARNING * * *
😨 HP[-20]
You take 20 damage, and now have 33/87 hp.
MASSIVE DAMAGE!! (PAUSE)
The merfolk javelineer throws a javelin.
The javelin closely misses you. Something hits your deep troll!
Something burns your deep troll.
Unknown command.
Your deep troll rages.
The merfolk javelineer throws a javelin.
The javelin completely misses you.
A merfolk impaler comes into view. It is wielding a +2 trident of flaming.
The merfolk javelineer throws a javelin.
The javelin pierces through you!!
* * * LOW HITPOINT WARNING * * *
Your deep troll rages. 😱 HP[-26]
You take 26 damage, and now have 7/87 hp.
MASSIVE DAMAGE!! (PAUSE)
A red film seems to cover your vision as you go berserk!
You feel yourself moving faster!
You feel mighty!
The merfolk javelineer shouts!
The merfolk javelineer throws a silver javelin.
The silver javelin pierces through you!!
You die...

Skill      XL: |  1  2  3  4  5  6  7  8  9 10 11 12 13 14 15 16 17 |
---------------+----------------------------------------------------+-----
Stealth        | 1 3 4 5 6 8 9 11 13 14 15 17 19 | 19.0
Fighting       | 4 5 6 8 10 11 12 13 14 16 18 | 18.6
Dodging        | 5 6 7 8 9 11 13 14 15 16 17 18 | 18.0
Unarmed Combat | 4 5 6 8 10 11 12 13 14 16 18 | 18.0
Evocations     | 3 6 8 12 11 | 12.0

Action                   |  1- 3 |  4- 6 |  7- 9 | 10-12 | 13-15 | 16-18 || total
-------------------------+-------+-------+-------+-------+-------+-------++-------
Melee: Unarmed           |    97 |    67 |   281 |   431 |  1311 |  1362 ||  3549
       Bite              |     9 |     9 |    25 |    64 |   219 |   240 ||   566
       Punch             |     1 |       |     7 |    24 |   109 |   181 ||   322
Invok: Berserk           |     6 |     4 |    27 |    32 |    45 |    56 ||   170
       Trog's Hand       |       |       |     3 |     1 |     5 |    15 ||    24
       Brothers in Arms  |       |       |       |       |     6 |    21 ||    27
Evoke: Wand              |       |       |       |     3 |       |     5 ||     8
  Use: Scroll            |       |     4 |    12 |     6 |     6 |     4 ||    32
       Potion            |       |       |     1 |       |     1 |    10 ||    12
 Stab: Sleeping          |     8 |     3 |    24 |    16 |    76 |    46 ||   173
       Distracted        |       |       |     2 |     2 |     4 |    21 ||    29
       Petrified         |       |       |       |       |     1 |       ||     1
Armor: Skin              |     2 |       |    10 |    17 |   119 |    45 ||   193
Dodge: Dodged            |    66 |    31 |   178 |   383 |  1532 |  2117 ||  4307
Block: Other             |       |       |       |     8 |       |       ||     8

Levels and vault maps discovered:
D:1:      dpeg_arrival_tiny_g, layout_loops_corners,
          chequers_ecumenical_altar_twisty, serial_shops, nicolae_square_shop
D:2:      layout_loops_cross, chequers_garden, uniq_sigmund
D:3:      layout_loops_ring, nicolae_wu_jian_glorious_leap,
          corexii_hall_statues_t
D:4:      layout_basic, lemuel_tele_altar, nicolae_vehumet_radiance,
          uniq_eustachio, uniq_robin, uniq_pikel
D:5:      layout_basic, gup_ossuary_entry_pyramid,
          hangedman_abyss_or_decor_lesser_grid
D:6:      layout_loops_ring, minmay_temple_entry_junction_2
D:7:      layout_rooms, nemelex_diamond_rough_becter
D:8:      layout_gridville, slow_altar_1, hangedman_minor_gate_pass
D:9:      layout_loops_ring, good_gods_temple_1, david_orc_4,
          gammafunk_ghost_grave, hellmonk_guarded_unrand_night
D:10:     layout_basic, gammafunk_temple_overflow_elements, lair_entry_dummy,
          minmay_crystal_water, minmay_misc_feat_room, uniq_fannar
D:11:     layout_basic
D:12:     hangedman_cross_stitches, layout_gridville, uniq_rupert
D:13:     layout_loops_cross
D:14:     nzn_winding_woodlands_three_and_one
          [nzn_winding_woodlands_5x15_garden, nzn_winding_woodlands_5x15_pool,
          nzn_winding_woodlands_5x15_concentric,
          nzn_winding_woodlands_center_diamonds], layout_loops_cross,
          grunt_vaults_entry_fortified, nicolae_benzene_ring, uniq_josephine
D:15:     grunt_enter_depths_hoard, layout_long_grid, minivault_11,
          minmay_the_grid_square_5x5_3x3_mashed
          [minmay_the_grid_square_5x5_fat_x, minmay_the_grid_square_5x5_longway,
          minmay_the_grid_square_5x5_slash,
          minmay_the_grid_square_5x5_beaten_path,
          minmay_the_grid_square_5x5_megaprize_crossed,
          minmay_the_grid_square_5x5_bridge, minmay_the_grid_square_5x5_inner_z,
          minmay_the_grid_square_5x5_mess, minmay_the_grid_square_5x5_corner]
Lair:1:   layout_long_grid, lightli_volcano_entry_magma_tube, uniq_sonja,
          uniq_prince_ribbit2
Lair:2:   layout_concentric_octagons, nicolae_spider_entry_non_spiders,
          lemuel_fruit_tree, grunt_megastairs_3, serial_bayou_shore_b
Lair:3:   layout_regular_city, portal_ice_cave_entry_imps, beast_lair_carwin_7
Lair:4:   layout_cave_pods, minmay_shoals_entry_centaurs, beast_lair_carwin_5,
          grunt_megastairs_5
Lair:5:   layout_big_grid, kennysheep_rathole
Lair:6:   grunt_lair_end_beastmaster, layout_regular_city,
          minmay_slime_entry_oklob_enclosed, minmay_stone_trees_small,
          grunt_forest_small_clearing_treed, infiniplex_staircase_pool
Shoals:1: layout_shoals, nicolae_take_the_stairs, uniq_louise
Shoals:2: layout_shoals, serial_shops, shop, ebering_ghost_gozag, st_cyclops
Shoals:3: layout_shoals, uniq_donald, uniq_polyphemus, uniq_mara
Shoals:4: shoals_end_grunt_ice, layout_shoals
Spider:1: nicolae_spider_hall_of_the_moth_king, guppyfry_hornet_nest
Spider:2: layout_chambers, nicolae_spider_altar_of_dancing, uniq_jorgrun,
          uniq_aizul
Spider:3: nicolae_spider_hilbert_zone_2 [nicolae_spider_hilbert_4_sides_1_open,
          nicolae_spider_hilbert_4_sides_1_open,
          nicolae_spider_hilbert_4_sides_1_open,
          nicolae_spider_hilbert_4_sides_1_open,
          nicolae_spider_hilbert_6_sides_1_open,
          nicolae_spider_hilbert_6_sides_1_open,
          nicolae_spider_hilbert_3_sides_1_open,
          nicolae_spider_hilbert_3_sides_1_open,
          nicolae_spider_hilbert_3_sides_1_open,
          nicolae_spider_hilbert_3_sides_1_open,
          nicolae_spider_hilbert_6_sides_1_open,
          nicolae_spider_hilbert_6_sides_1_open,
          nicolae_spider_hilbert_6_sides_1_open,
          nicolae_spider_hilbert_6_sides_1_open], nicolae_spider_wall_of_niches
Spider:4: floodkiller_spider_rune_tomb, nicolae_spider_some_kinda_spiderbox,
          uniq_bai_suzhen
Orc:1:    nicolae_orc_accident_1, layout_diamond_mine, serial_shops,
          nicolae_lakefront_shop
Orc:2:    grunt_orc_community_town_hall, layout_caves,
          grunt_orc_community_big_house_1, grunt_orc_community_big_house_2,
          grunt_orc_community_house_3, grunt_orc_community_house_1,
          grunt_orc_community_house_2, grunt_orc_community_house_2,
          grunt_orc_community_house_2, grunt_orc_community_house_2,
          serial_shops, nicolae_shop_statue_plus, nicolae_shop_trees,
          nicolae_shop_competitors_out_of_business, basic_altar, uniq_urug,
          uniq_snorg

Notes
Turn   | Place    | Note
-------+----------+-------------------------------------------
     0 | D:1      | Sobieck the Felid Berserker began the quest for the Orb.
     0 | D:1      | Reached XP level 1. HP: 10/10 MP: 2/2
     0 | D:1      | magus.rc [v1.9.6]
    87 | D:1      | Found a faded altar of an unknown god.
   429 | D:1      | Reached skill level 1 in Stealth
   429 | D:1      | Reached XP level 2. HP: 14/14 MP: 3/3
   518 | D:1      | HP: 4/21 [gnoll (6)]
   849 | D:1      | Found Bogherid's Jewellery Boutique.
   995 | D:1      | Reached XP level 3. HP: 16/17 MP: 4/4
  1707 | D:2      | Reached skill level 2 in Stealth
  2328 | D:2      | You pick up a book of Callings {forbidden} and begin
                  | reading...
  2328 | D:2      | You add the spells Summon Small Mammal, Call Imp, Call
                  | Canine Familiar, Summon Guardian Golem, Summon Lightning
                  | Spire and Summon Ice Beast to your library.
  2492 | D:2      | Noticed Sigmund
  2500 | D:2      | Killed Sigmund
  2500 | D:2      | Reached ** piety under Trog
  2501 | D:2      | Reached skill level 4 in Fighting
  2501 | D:2      | Reached skill level 5 in Dodging
  2501 | D:2      | Reached skill level 3 in Stealth
  2501 | D:2      | Reached skill level 4 in Unarmed Combat
  2501 | D:2      | Reached XP level 4. HP: 22/22 MP: 5/5
  2501 | D:2      | Reached XP level 5. HP: 25/25 MP: 6/6
  3057 | D:3      | Noticed a sky beast
  3080 | D:3      | Killed a sky beast
  3081 | D:3      | Reached skill level 4 in Stealth
  3081 | D:3      | Gained mutation: You are covered in thick fur. (AC +2)
                  | [Felid growth]
  3081 | D:3      | Reached XP level 6. HP: 13/29 MP: 7/7
  3437 | D:4      | Reached skill level 6 in Dodging
  3573 | D:5      | Entered Level 5 of the Dungeon
  3583 | D:5      | Reached skill level 5 in Stealth
  3583 | D:5      | Reached XP level 7. HP: 33/33 MP: 8/8
  3722 | D:5      | Found a sand-covered staircase.
  3834 | Ossuary  | Entered an ossuary
  4006 | Ossuary  | Reached skill level 5 in Fighting
  4006 | Ossuary  | Reached skill level 5 in Unarmed Combat
  4554 | Ossuary  | Reached *** piety under Trog
  4674 | Ossuary  | Reached skill level 7 in Dodging
  4683 | Ossuary  | Reached skill level 6 in Stealth
  4703 | Ossuary  | HP: 12/49 [poisoned by a scorpion]
  4707 | Ossuary  | Reached XP level 8. HP: 7/37 MP: 9/9
  5415 | D:4      | Noticed Pikel
  5627 | D:3      | Found an ornate altar of the Wu Jian Council.
  6336 | D:4      | Found a radiant altar of Vehumet.
  6336 | D:4      | Noticed Eustachio
  6346 | D:4      | Killed Eustachio
  6594 | D:4      | Found an opulent altar of Gozag.
  6615 | D:4      | Noticed Robin
  6633 | D:4      | Reached skill level 7 in Stealth
  6650 | D:4      | Killed Robin
  7074 | D:4      | Reached skill level 6 in Unarmed Combat
  7081 | D:4      | Killed Pikel
  7082 | D:4      | Reached skill level 6 in Fighting
  7082 | D:4      | Reached skill level 8 in Dodging
  7082 | D:4      | Reached skill level 8 in Stealth
  7950 | D:5      | Reached XP level 9. HP: 42/42 MP: 10/10
  8412 | D:6      | Found a staircase to the Ecumenical Temple.
  8437 | D:6      | You pick up a book of Power {forbidden} and begin
                  | reading...
  8437 | D:6      | You add the spells Iskenderun's Battlesphere, Bolt of
                  | Magma, Iron Shot, Orb of Destruction and Spellforged
                  | Servitor to your library.
  8771 | D:6      | Reached skill level 9 in Dodging
  8958 | D:7      | Reached skill level 7 in Unarmed Combat
  9111 | D:7      | Found a sparkling altar of Nemelex Xobeh.
  9139 | D:6      | Reached skill level 7 in Fighting
  9400 | D:7      | Reached skill level 9 in Stealth
  9615 | D:7      | HP: 10/43 [poisoned by a water moccasin]
  9891 | D:7      | Noticed a komodo dragon
  9910 | D:7      | Killed a komodo dragon
 10288 | D:7      | Reached skill level 8 in Unarmed Combat
 10343 | D:6      | Upgraded the game from 0.27-a0-1359-ga2a4dfd6fd to
                  | 0.27-a0-1378-gdefffd1ff6
 10343 | D:6      | magus.rc [v1.9.6]
 10353 | D:6      | Reached skill level 8 in Fighting
 11100 | D:7      | Reached **** piety under Trog
 11763 | D:8      | Noticed a manticore
 11766 | D:8      | Killed a manticore
 11767 | D:8      | Reached XP level 10. HP: 49/49 MP: 11/11
 11781 | D:8      | Noticed a cyclops
 11784 | D:8      | Killed a cyclops
 11785 | D:8      | Reached skill level 9 in Fighting
 11785 | D:8      | Reached skill level 9 in Unarmed Combat
 11841 | D:8      | Noticed a catoblepas
 11979 | D:8      | Killed a catoblepas
 12697 | D:8      | Found a snail-covered altar of Cheibriados.
 13287 | D:9      | Reached skill level 10 in Fighting
 13287 | D:9      | Reached skill level 10 in Unarmed Combat
 13412 | D:10     | Entered Level 10 of the Dungeon
 14225 | D:8      | Identified a scroll of acquirement
 14225 | D:8      | Acquired the amulet of Jigekkem {Fragile +Inv Regen+ Str+3}
 14792 | D:9      | Found a staircase to the Orcish Mines.
 14906 | D:9      | Found a runed translucent door.
 14907 | D:9      | Noticed basicallysejuani's ghost (novice TrMo)
 15154 | D:9      | Reached XP level 11. HP: 55/55 MP: 12/12
 15287 | D:9      | Reached skill level 10 in Stealth
 15491 | D:9      | Reached skill level 10 in Dodging
 15493 | D:9      | Found the +5 robe of Night {Dark Will+ SInv}
 15534 | D:9      | Found a glowing silver altar of Zin.
 15534 | D:9      | Found a glowing golden altar of the Shining One.
 15535 | D:9      | Found a white marble altar of Elyvilon.
 15567 | D:10     | Noticed Fannar
 15581 | D:10     | Killed Fannar
 15701 | D:10     | Noticed a two-headed ogre
 15710 | D:10     | Killed a two-headed ogre
 16025 | D:10     | Found a staircase to the Lair.
 16245 | D:10     | Found a sacrificial altar of Ru.
 16245 | D:10     | Found a shadowy altar of Dithmenos.
 16484 | D:1      | Bought the ring of the Gastropod {rElec AC+4 Int+2} for 596
                  | gold pieces
 16894 | D:11     | Noticed a tengu warrior
 17038 | D:11     | Killed a tengu warrior
 17039 | D:11     | Reached skill level 11 in Stealth
 17177 | D:11     | Noticed a two-headed ogre
 17181 | D:11     | Noticed a two-headed ogre
 17185 | D:11     | Killed a two-headed ogre
 17186 | D:11     | Reached skill level 11 in Fighting
 17186 | D:11     | Reached skill level 11 in Unarmed Combat
 17334 | D:11     | Killed a two-headed ogre
 17335 | D:11     | Reached skill level 11 in Dodging
 18009 | D:11     | Noticed a boulder beetle
 18020 | D:11     | Killed a boulder beetle
 18469 | D:12     | Noticed a seven-headed hydra
 18470 | D:12     | Noticed Rupert
 18473 | D:12     | Killed a seven-headed hydra
 18474 | D:12     | Gained mutation: Your thick and shaggy fur keeps you warm.
                  | (AC +3, rC+) [Felid growth]
 18474 | D:12     | Reached XP level 12. HP: 60/60 MP: 13/13
 18476 | D:12     | Killed Rupert
 18477 | D:12     | Reached skill level 12 in Stealth
 18499 | D:12     | You pick up a book of Necromancy {forbidden} and begin
                  | reading...
 18499 | D:12     | You add the spells Pain, Animate Skeleton, Vampiric
                  | Draining, Animate Dead and Agony to your library.
 18603 | D:12     | Reached skill level 12 in Dodging
 18607 | D:12     | Noticed an eight-headed hydra
 18644 | D:12     | Killed an eight-headed hydra
 18644 | D:12     | Noticed a six-headed hydra
 19220 | D:12     | Noticed a centaur warrior
 19311 | Lair:1   | Entered Level 1 of the Lair of Beasts
 19657 | Lair:1   | Reached skill level 12 in Fighting
 19657 | Lair:1   | Reached skill level 12 in Unarmed Combat
 19669 | Lair:1   | Reached skill level 13 in Stealth
 19675 | Lair:1   | Noticed a six-headed hydra
 19876 | Lair:1   | Noticed Prince Ribbit
 19877 | Lair:1   | Noticed Sonja
 19887 | Lair:1   | Killed Prince Ribbit
 20759 | Lair:1   | You pick up a book of Callings {forbidden} and begin
                  | reading...
 20771 | Lair:1   | Reached skill level 13 in Dodging
 21031 | Lair:1   | Killed a six-headed hydra
 21263 | Lair:1   | Killed Sonja
 21446 | Lair:3   | Found a frozen archway.
 21468 | Lair:2   | Reached XP level 13. HP: 65/65 MP: 14/14
 21710 | Lair:2   | Reached ***** piety under Trog
 21740 | IceCv    | Entered an ice cave
 22193 | IceCv    | Reached skill level 14 in Stealth
 22818 | IceCv    | Noticed a frost giant
 22935 | IceCv    | HP: 16/97 [frost giant (19)]
 22939 | IceCv    | Killed a frost giant
 22940 | IceCv    | Reached skill level 13 in Fighting
 22940 | IceCv    | Reached skill level 14 in Dodging
 22940 | IceCv    | Reached skill level 13 in Unarmed Combat
 23095 | IceCv    | You add the spells Freeze, Ensorcelled Hibernation, Frozen
                  | Ramparts, Ozocubu's Armour, Ice Form and Metabolic
                  | Englaciation to your library.
 23095 | IceCv    | Got the Volume of the Snowflakes {forbidden}
 23177 | Lair:2   | Reached skill level 1 in Evocations
 23515 | Lair:2   | Found a hole to the Spider Nest.
 23679 | Lair:2   | Reached skill level 2 in Evocations
 24268 | Lair:3   | Reached skill level 3 in Evocations
 24786 | Lair:3   | Reached XP level 14. HP: 70/70 MP: 15/15
 25416 | Lair:3   | Reached skill level 4 in Evocations
 25821 | Lair:4   | Found a staircase to the Shoals.
 26152 | Lair:4   | Reached skill level 15 in Stealth
 26173 | Lair:4   | Reached ****** piety under Trog
 26949 | Lair:5   | Reached skill level 5 in Evocations
 27052 | Lair:5   | Reached skill level 15 in Dodging
 27309 | Lair:6   | Entered Level 6 of the Lair of Beasts
 27704 | Lair:5   | You pick up a book of Misfortune {forbidden} and begin
                  | reading...
 27704 | Lair:5   | You add the spells Confusing Touch, Gell's Gravitas,
                  | Petrify and Yara's Violent Unravelling to your library.
 28135 | Lair:6   | You pick up a book of Party Tricks {forbidden} and begin
                  | reading...
 28135 | Lair:6   | You add the spells Apportation, Lesser Beckoning, Tukima's
                  | Dance, Alistair's Intoxication and Invisibility to your
                  | library.
 28565 | Lair:6   | Reached skill level 6 in Evocations
 28900 | Lair:5   | Reached skill level 14 in Fighting
 28911 | Lair:5   | Reached skill level 14 in Unarmed Combat
 29907 | Lair:6   | magus.rc [v1.9.6]
 30029 | Lair:6   | Reached XP level 15. HP: 73/75 MP: 16/16
 30050 | Lair:6   | Reached skill level 16 in Stealth
 30401 | Lair:6   | Reached skill level 7 in Evocations
 30680 | Lair:6   | You pick up a book of Transfigurations {forbidden@e2} and
                  | begin reading...
 30680 | Lair:6   | You add the spells Irradiate, Blade Hands, Statue Form,
                  | Storm Form and Dragon Form to your library.
 30686 | Lair:6   | You pick up a book of Geomancy {forbidden} and begin
                  | reading...
 30686 | Lair:6   | You add the spells Sandblast, Passwall, Stone Arrow and
                  | Lee's Rapid Deconstruction to your library.
 30689 | Lair:6   | Identified the +2 steam dragon scales of Vexation {rN+
                  | Will+ rCorr Int+2 Dex-5}
 31042 | Orc:1    | Entered Level 1 of the Orcish Mines
 31254 | Orc:2    | Entered Level 2 of the Orcish Mines
 31254 | Orc:2    | Noticed Snorg
 31272 | Orc:1    | Killed Snorg
 31427 | Orc:1    | Found Perax's Antique Armour Shoppe.
 31494 | Orc:2    | Noticed Urug
 31504 | Orc:2    | Killed Urug
 31654 | Orc:2    | Found Hoeq's Antique Weapon Boutique.
 31774 | Orc:2    | Found Nuron's Book Emporium.
 31863 | Orc:2    | Found a staircase to the Elven Halls.
 31922 | Orc:2    | Found Meptoica's Jewellery Emporium.
 31981 | Orc:2    | Found Taeseal's Distillery.
 32055 | Orc:2    | Found a burning altar of Makhleb.
 32442 | Orc:2    | Found Lyew's Weapon Boutique.
 32450 | Orc:2    | Reached skill level 16 in Dodging
 33259 | Orc:2    | Noticed an orc warlord
 33308 | Orc:2    | Killed an orc warlord
 33549 | Orc:2    | Found Ifac Moa's Antique Armour Emporium.
 33565 | Orc:2    | Found Felidouv's Antique Weapon Shoppe.
 33970 | D:1      | Bought the amulet of Dawn {Faith rF- Dex+10} for 671 gold
                  | pieces
 34754 | D:12     | Reached skill level 8 in Evocations
 36463 | D:14     | Reached skill level 17 in Stealth
 36666 | D:15     | Entered Level 15 of the Dungeon
 36676 | D:14     | Noticed Josephine
 36694 | D:14     | Killed Josephine
 36868 | D:14     | You pick up a book of Power {forbidden} and begin
                  | reading...
 37445 | D:14     | Found a gate to the Vaults.
 37455 | D:14     | Reached XP level 16. HP: 80/80 MP: 17/17
 37685 | D:14     | You pick up a book of Frost {forbidden} and begin
                  | reading...
 37978 | D:15     | Reached skill level 9 in Evocations
 38035 | D:15     | Identified the +6 falchion of Governance {speed, rElec
                  | Str-5 Dex+3}
 38254 | D:15     | Reached skill level 15 in Fighting
 38704 | D:15     | Reached skill level 17 in Dodging
 38704 | D:15     | Reached skill level 15 in Unarmed Combat
 39284 | D:15     | Identified the +4 halberd "Xutramargh" {vorpal, Str+4}
 39368 | D:15     | Found a staircase to the Depths.
 39748 | Orc:2    | Bought the ring "Kyutsoo" {Wiz rElec rF+ Slay+3} for 1017
                  | gold pieces
 39921 | Spider:1 | Entered Level 1 of the Spider Nest
 40214 | Spider:1 | You pick up a book of Necromancy {forbidden} and begin
                  | reading...
 40610 | Spider:1 | HP: 20/81 [poisoned by a redback]
 41099 | Spider:1 | Reached skill level 10 in Evocations
 41321 | Spider:3 | Reached skill level 18 in Stealth
 41779 | Spider:1 | You pick up a book of Conjurations {forbidden@e2} and begin
                  | reading...
 41779 | Spider:1 | You add the spells Magic Dart, Searing Ray, Dazzling Flash,
                  | Fulminant Prism and Iskenderun's Mystic Blast to your
                  | library.
 42100 | Spider:1 | HP: 14/81 [disintegration (17)]
 42602 | Spider:1 | HP: 20/81 [poisoned by a ghost moth]
 42607 | Spider:1 | HP: 14/81 [poisoned by a ghost moth]
 43311 | Spider:2 | Noticed Jorgrun
 43325 | Spider:2 | Killed Jorgrun
 43609 | Spider:2 | Reached XP level 17. HP: 85/85 MP: 18/18
 44159 | Spider:2 | Noticed Aizul
 44175 | Spider:2 | Killed Aizul
 44372 | Spider:2 | Found a hide-covered altar of Uskayaw.
 44601 | Spider:2 | Reached skill level 18 in Dodging
 45179 | Spider:2 | magus.rc [v1.9.6]
 45255 | Spider:3 | Reached skill level 11 in Evocations
 45297 | Spider:3 | magus.rc [v1.9.6]
 45754 | Spider:3 | Blown up by an orb spider
 45755 | Spider:3 | Reached XP level 16. HP: -1/82 MP: 17/17
 46592 | Spider:3 | Reached skill level 16 in Fighting
 46919 | Spider:3 | Reached skill level 19 in Stealth
 47037 | Spider:3 | Reached skill level 16 in Unarmed Combat
 47215 | Spider:4 | Entered Level 4 of the Spider Nest
 48078 | Spider:3 | HP: 27/123 [poisoned by a redback]
 48080 | Spider:3 | HP: 13/123 [poisoned by a redback]
 48083 | Spider:3 | HP: 2/82 [poisoned by a redback]
 49042 | Spider:4 | HP: 17/82 [tarantella (11)]
 49042 | Spider:4 | HP: 3/82 [tarantella (14)]
 50063 | Spider:4 | Noticed Bai Suzhen
 50096 | Spider:3 | HP: 30/123 [poisoned by an emperor scorpion]
 50100 | Spider:3 | Reached skill level 12 in Evocations
 50101 | Spider:3 | HP: 26/124 [poisoned by an emperor scorpion]
 50416 | Spider:4 | Killed Bai Suzhen
 50502 | Spider:4 | magus.rc [v1.9.6]
 50568 | Spider:3 | Paralysed by a hornet for 1 turns
 51172 | Spider:4 | magus.rc [v1.9.6]
 51221 | Spider:4 | Reached XP level 17. HP: 87/87 MP: 18/18
 51973 | Spider:3 | HP: 20/87 [poisoned by an emperor scorpion]
 52970 | Spider:4 | Reached skill level 17 in Fighting
 53149 | Spider:4 | Reached skill level 17 in Unarmed Combat
 53547 | Spider:4 | Got a gossamer rune of Zot
 53841 | Shoals:1 | Entered Level 1 of the Shoals
 55222 | Shoals:2 | Found Soal's Distillery.
 55271 | Shoals:1 | Found Reet's General Store.
 55321 | Shoals:2 | You pick up a book of Frost {forbidden} and begin
                  | reading...
 55385 | Shoals:1 | Noticed Louise
 55759 | Shoals:1 | Killed Louise
 55761 | Shoals:1 | W - a +2 eveningstar of protection {macerare=g}
 56694 | Shoals:2 | magus.rc [v1.9.6]
 57329 | Shoals:2 | Found a runed translucent gate.
 57329 | Shoals:2 | Found a runed translucent gate.
 57329 | Shoals:2 | Found a runed translucent gate.
 57331 | Shoals:2 | Found an opulent altar of Gozag.
 57334 | Shoals:2 | Noticed Suezikaa's ghost (adept MiMo)
 57790 | Shoals:4 | Entered Level 4 of the Shoals
 57810 | Shoals:3 | Noticed Donald
 57820 | Shoals:3 | Killed Donald
 58591 | Shoals:3 | Noticed Polyphemus
 59418 | Shoals:3 | Noticed Mara
 59420 | Shoals:3 | Killed Mara
 59421 | Shoals:3 | Reached skill level 18 in Fighting
 59421 | Shoals:3 | Reached skill level 18 in Unarmed Combat
 59421 | Shoals:3 | Reached XP level 18. HP: 94/94 MP: 19/19
 60296 | Orc:2    | Bought the ring "Haploreo" {rF++ rC+} for 792 gold pieces
 60617 | Shoals:4 | Got Vutwur's Intricacies of Thaumaturgy {forbidden}
 61470 | Shoals:4 | Identified a +0 robe of the Archmagi
 61603 | Shoals:3 | You drop a +2 eveningstar of protection {macerare=g}.
 61659 | Shoals:4 | Killed from afar by a merfolk aquamancer
 61660 | Shoals:4 | Reached XP level 17. HP: -4/90 MP: 18/18
 61684 | Shoals:4 | HP: 21/90 [merfolk javelineer/javelin (11)]
 61695 | Shoals:4 | HP: 15/90 [merfolk javelineer/javelin (17)]
 61701 | Shoals:4 | Hit by a javelin thrown by a merfolk javelineer
 61702 | Shoals:4 | Reached XP level 16. HP: -8/87 MP: 17/17
 61715 | Shoals:4 | HP: 7/87 [merfolk javelineer/javelin (27)]
 61716 | Shoals:4 | Hit by a silver javelin thrown by a merfolk javelineer

Vanquished Creatures
  Mara (Shoals:3)
  Bai Suzhen (Spider:4)
  Rupert (D:12)
  Jorgrun (Spider:2)
  A kraken (Shoals:4)
  Donald (Shoals:3)
  An orc warlord (Orc:2)
  4 ghost moths
  Aizul (Spider:2)
  4 emperor scorpions
  A frost giant (IceCv)
  A stone giant (Shoals:2)
  4 spark wasps
  4 entropy weavers (Spider:3)
  Snorg (Orc:1)
  4 merfolk impalers
  3 merfolk javelineers
  2 fire dragons (D:15)
  A yaktaur captain (D:15)
  Fannar (D:10)
  3 vault guards (D:14)
  6 boulder beetles
  15 hydras
  An ogre mage (D:15)
  4 catoblepae
  9 two-headed ogres
  3 centaur warriors
  2 merfolk aquamancers (Shoals:4)
  A merfolk avatar (Shoals:1)
  An alligator snapping turtle (Shoals:1)
  7 death scarabs (Spider:4)
  2 tengu warriors
  2 satyrs
  14 death yaks
  Urug (Orc:2)
  Sonja (Lair:1)
  2 deep elf knights (D:15)
  A death drake (shapeshifter) (D:14)
  7 sea snakes
  A deep troll (D:15)
  2 wolf spider zombies (Spider:4)
  3 orc knights
  A wizard (D:14)
  10 harpies
  2 deep elf archers
  Pikel (D:4)
  3 deep elf pyromancers (D:15)
  A necromancer (D:15)
  7 spectral wolf spiders (Spider:4)
  20 orb spiders
  A deep elf zephyrmancer (D:15)
  32 wolf spiders
  7 ugly things
  4 fauns
  19 cyclopes
  4 orc sorcerers
  8 elephants
  10 manticores
  3 moths of wrath
  7 merfolk sirens
  2 water nymphs (Shoals:4)
  8 black mambas
  9 torpor snails
  An ice statue (IceCv)
  10 cane toads
  2 gargoyles
  2 unseen horrors
  9 komodo dragons
  4 spectral redbacks (Spider:4)
  A redback zombie (Spider:4)
  6 demonic crawlers
  A rime drake (Lair:6)
  2 tengu conjurers
  14 merfolk
  3 yaktaurs
  A wind drake (Shoals:1)
  31 polar bears
  6 trolls
  29 jumping spiders
  A jumping spider (shapeshifter) (D:14)
  3 spectral tarantellas (Spider:4)
  4 spectral jumping spiders
  Prince Ribbit (Lair:1)
  6 snapping turtles
  4 tarantella zombies (Spider:4)
  9 slime creatures
  A dream sheep (shapeshifter) (D:15)
  9 hornets
  14 dream sheep
  A jumping spider zombie (Spider:4)
  25 blink frogs
  5 water elementals
  Sigmund (D:2)
  A vampire (D:11)
  68 redbacks
  2 shadows (D:9)
  8 wyverns
  8 basilisks
  51 tarantellas
  3 wraiths
  A human (D:14)
  68 yaks
  Eustachio (D:4)
  12 vampire mosquitoes
  A steam dragon (D:7)
  19 water moccasins
  5 acid dragons
  2 spectral hornets (Spider:4)
  28 orc warriors
  2 sky beasts
  6 black bears
  An ice beast (D:6)
  A hornet zombie (Spider:4)
  A necrophage (D:5)
  4 ogres
  20 wolves
  10 centaurs
  A lemure (D:4)
  A phantom (D:5)
  12 bullfrogs
  A gnoll sergeant (D:7)
  13 scorpions
  A water moccasin zombie (D:7)
  A water moccasin skeleton (D:4)
  A wyvern skeleton (D:5)
  16 wights
  2 electric eels (D:10)
  5 centaur zombies
  A bullfrog zombie (D:5)
  An iron imp (D:8)
  A centaur skeleton (D:7)
  15 orc priests
  3 iguanas
  A scorpion zombie (Ossuary)
  22 orc wizards
  5 hell rats
  A killer bee zombie (D:8)
  A hound zombie (D:5)
  4 mummies
  2 howler monkey zombies
  Robin (D:4)
  10 gnolls
  6 river rats (Lair:5)
  6 adders
  12 white imps
  4 worms
  A dart slug (D:4)
  89 orcs
  7 ball pythons
  8 endoplasms
  6 giant cockroaches
  10 goblins
  12 hobgoblins
  8 jackals
  7 kobolds
  4 quokkas (D:1)
  3 bats
  7 frilled lizards
  4 gnoll zombies (Ossuary)
  A goblin zombie (Ossuary)
  4 hobgoblin zombies (Ossuary)
  A kobold zombie (Ossuary)
  An orc zombie (Ossuary)
  7 rats
  2 tentacles (Shoals:4)
1146 creatures vanquished.

Vanquished Creatures (collateral kills)
  2 emperor scorpions (Spider:4)
  Louise (Shoals:1)
  Josephine (D:14)
  A vault guard (D:14)
  A hydra (Lair:6)
  A centaur warrior (D:15)
  A satyr (Shoals:4)
  A death scarab (Spider:4)
  2 tengu warriors (D:15)
  A deep troll shaman (Lair:6)
  A sea snake (Shoals:4)
  A harpy (Shoals:4)
  A faun (Shoals:2)
  3 orb spiders
  5 wolf spiders
  An ugly thing (D:15)
  A cyclops (D:15)
  A manticore (Shoals:2)
  A water nymph (Shoals:4)
  2 demonic crawlers
  6 merfolk
  8 jumping spiders
  2 hornets (Spider:1)
  A snapping turtle (Shoals:1)
  A tarantella zombie (Spider:4)
  A tarantella (Spider:3)
  2 wraiths (D:14)
  An ogre (Orc:1)
  An orc priest (Orc:2)
  3 orcs
55 creatures vanquished.

Vanquished Creatures (others)
  A jumping spider (Spider:3)
  33 fungi
  95 plants
  2 tentacles (Shoals:4)
131 creatures vanquished.

Grand Total: 1332 creatures vanquished

Table legend:
 A = Non-vault XP
 B = Vault XP
 C = Vault XP percentage of total XP
 D = Non-vault monster count
 E = Vault monster count
 F = Vault count percentage of total count
                 A         B        C        D         E       F
            +---------+---------+-------+---------+---------+-------
      Total |  198487 |  176601 |  47.1 |     704 |     494 |  41.2
            +---------+---------+-------+---------+---------+-------
        D:1 |      56 |       0 |   0.0 |      24 |       0 |   0.0
        D:2 |      44 |     227 |  83.8 |      22 |       1 |   4.3
        D:3 |     203 |       0 |   0.0 |      21 |       0 |   0.0
        D:4 |     294 |     853 |  74.4 |      14 |      13 |  48.1
        D:5 |     420 |      18 |   4.1 |      12 |       1 |   7.7
        D:6 |     946 |       0 |   0.0 |      17 |       0 |   0.0
        D:7 |    1529 |     127 |   7.7 |      19 |       1 |   5.0
        D:8 |     661 |    2264 |  77.4 |      10 |       7 |  41.2
        D:9 |    1823 |    2418 |  57.0 |      15 |      23 |  60.5
       D:10 |    1870 |    1262 |  40.3 |      10 |       2 |  16.7
       D:11 |    5124 |     296 |   5.5 |      13 |       1 |   7.1
       D:12 |    8271 |    7579 |  47.8 |      25 |      10 |  28.6
       D:13 |    8960 |       0 |   0.0 |      21 |       0 |   0.0
       D:14 |    3295 |   11433 |  77.6 |      10 |      22 |  68.8
       D:15 |   12638 |   12948 |  50.6 |      21 |      21 |  50.0
     Lair:1 |    5922 |    1585 |  21.1 |      25 |       4 |  13.8
     Lair:2 |    4103 |    3539 |  46.3 |      17 |      20 |  54.1
     Lair:3 |    6199 |    3036 |  32.9 |      25 |      16 |  39.0
     Lair:4 |    6951 |    2654 |  27.6 |      20 |      12 |  37.5
     Lair:5 |   14602 |     114 |   0.8 |      49 |       9 |  15.5
     Lair:6 |    9231 |    9802 |  51.5 |      25 |      21 |  45.7
   Shoals:1 |   13054 |     980 |   7.0 |      23 |       1 |   4.2
   Shoals:2 |    8580 |    7118 |  45.3 |      17 |      10 |  37.0
   Shoals:3 |    5875 |   11672 |  66.5 |      12 |       4 |  25.0
   Shoals:4 |    9299 |    9410 |  50.3 |      15 |      20 |  57.1
   Spider:1 |   14820 |    6708 |  31.2 |      38 |      14 |  26.9
   Spider:2 |   19211 |    6327 |  24.8 |      52 |      10 |  16.1
   Spider:3 |   26516 |   10977 |  29.3 |      73 |      27 |  27.0
   Spider:4 |    5418 |   40660 |  88.2 |      13 |      74 |  85.1
      Orc:1 |    1870 |    1716 |  47.9 |      36 |       5 |  12.2
      Orc:2 |     702 |    7365 |  91.3 |      10 |      71 |  87.7
    Ossuary |       0 |     769 | 100.0 |       0 |      26 | 100.0
      IceCv |       0 |   12744 | 100.0 |       0 |      48 | 100.0
            +---------+---------+-------+---------+---------+-------

Illustrated notes

Table legend:
 A = Kills in this place as a percentage of kills in entire the game.
 B = Kills by you in this place as a percentage of kills by you in the entire game.
 C = Kills by friends in this place as a percentage of kills by friends in the entire game.
 D = Other kills in this place as a percentage of other kills in the entire game.
 E = Experience gained in this place as a percentage of experience gained in the entire game.
 F = Experience gained in this place divided by the number of levels of this place that you have seen.
                   A       B       C       D       E      F
               +-------+-------+-------+-------+-------+----------------------
         Total | 100.0 | 100.0 | 100.0 |   N/A | 100.0 | 11366.3
       Dungeon |  29.7 |  30.3 |  18.2 |   N/A |  22.8 | 5703.9
          Lair |  20.3 |  21.1 |   3.6 |   N/A |  18.1 | 11289.7
        Shoals |   8.5 |   7.7 |  25.5 |   N/A |  17.6 | 16497.0
   Spider Nest |  25.1 |  24.2 |  43.6 |   N/A |  34.8 | 32659.2
  Orcish Mines |  10.2 |  10.2 |   9.1 |   N/A |   3.1 | 5826.5
       Ossuary |   2.2 |   2.3 |   0.0 |   N/A |   0.2 | 769.0
      Ice Cave |   4.0 |   4.2 |   0.0 |   N/A |   3.4 | 12744.0
               +-------+-------+-------+-------+-------+----------------------

Table legend: (Time is in decaauts)
 A = Elapsed time spent in this place.
 B = Non-inter-level travel time spent in this place.
 C = Inter-level travel time spent in this place.
 D = Time resting spent in this place.
 E = Time spent auto-exploring this place.
 F = Levels seen in this place.
 G = Mean time per level.
                   A        B        C        D        E       F      G
               +--------+--------+--------+--------+--------+-----+--------+
         Total |  57410 |  53876 |   3534 |  27500 |  15503 |  33 | 1739.7 |
       Dungeon |  22379 |  20409 |   1970 |   9760 |   7533 |  15 | 1491.9 |
          Lair |   9439 |   8870 |    569 |   3802 |   3035 |   6 | 1573.2 |
        Shoals |   7236 |   6933 |    303 |   4164 |   1314 |   4 | 1809.0 |
   Spider Nest |  13105 |  12767 |    338 |   7431 |   2430 |   4 | 3276.2 |
  Orcish Mines |   2490 |   2138 |    352 |    622 |    982 |   2 | 1245.0 |
       Ossuary |   1476 |   1476 |      0 |   1083 |     68 |   1 | 1476.0 |
      Ice Cave |   1282 |   1282 |      0 |    636 |    138 |   1 | 1282.0 |
               +--------+--------+--------+--------+--------+-----+--------+

Top non-repeatable levels by time:
Spider:3: 4924 daAuts
Spider:4: 3167 daAuts
Spider:1: 2676 daAuts
Shoals:1: 2489 daAuts
Spider:2: 2337 daAuts
     D:9: 2295 daAuts
     D:7: 2263 daAuts
  Lair:6: 2136 daAuts
Shoals:4: 1751 daAuts
     D:1: 1741 daAuts
Shoals:2: 1733 daAuts
   Orc:2: 1729 daAuts
     D:6: 1597 daAuts
    D:11: 1543 daAuts
  Lair:1: 1542 daAuts
